Map: [ESL] Tropical Sacrifice

Players

Lambo - Winner!

  • Race: Zerg Zerg
  • League: Master
  • Spawn Location: 1:00

Zoun

  • Race: Protoss Protoss
  • Spawn Location: 7:00

Event: HomeStory Cup XXI

VOD

Have the link to the VOD?

Description

Time

  • Played on: July 24, 2022, 12:45 p.m.
  • Length: 11:33

All games in this series

Show
View Real Time Build Order
Export as new Build Order

Lambo Zerg - Winner!

Build Orders: Hatch First 

Get SALT Encoding   

  12  0:00  Drone  
  13  0:12  Overlord  
  13  0:17  Drone  
  14  0:31  Drone x2  
  14  0:34  Drone  
  17  0:52  Hatchery  
  17  0:56  Drone  
  17  0:58  Drone  
  18  1:10  Extractor  
  17  1:14  Spawning Pool  
  16  1:19  Drone  
  16  1:21  Drone  
  18  1:29  Drone  
  19  1:39  Drone  
  20  1:50  Overlord  
  20  2:01  Queen  
  20  2:05  Queen  
  20  2:06  Drone, Zergling x2  
  26  2:14  Metabolic Boost, Zergling x2  
  27  2:16  Drone  
  27  2:22  Drone  
  29  2:29  Drone  
  30  2:36  Drone  
  31  2:42  Drone, Hatchery  
  31  2:52  Overlord, Drone  
  32  3:00  Queen  
  34  3:07  Drone x2  
  34  3:11  Overlord  
  36  3:13  Queen  
  36  3:19  Spore Crawler  
  37  3:22  Drone x4  
  37  3:25  Drone  
  43  3:27  Overlord  
  43  3:31  Drone  
  43  3:32  Drone  
  45  3:36  Drone  
  47  3:41  Drone  
  47  3:45  Queen  
  47  3:47  Overlord  
  49  3:54  Spore Crawler, Queen  
  52  3:55  Drone x2  
  52  4:02  Drone x4  
  56  4:06  Drone  
  56  4:09  Spore Crawler  
  56  4:11  Drone  
  56  4:12  Evolution Chamber  
  56  4:14  Drone x2  
  56  4:16  Zergling x2  
  59  4:17  Zergling x2  
  59  4:19  Drone  
  59  4:22  Drone x2  
  63  4:26  Drone x2  
  63  4:28  Overlord  
  65  4:34  Drone  
  65  4:37  Zerg Melee Weapons Level 1  
  65  4:46  Drone  
  61  4:53  Drone x7  
  61  4:54  Drone x4  
  61  4:57  Lair  
  71  5:00  Drone x2  
  73  5:08  Overlord  
  73  5:12  Extractor, Overlord, Queen  
  74  5:17  Hatchery  
  74  5:19  Extractor, Drone  
  74  5:21  Overlord  
  73  5:23  Overlord  
  73  5:27  Overlord  
  73  5:28  Zergling x6  
  76  5:30  Drone x2  
  76  5:31  Drone  
  76  5:35  Zergling x6  
  82  5:40  Zergling x8  
  86  5:44  Queen  
  86  5:45  Zergling x4  
  86  5:48  Queen  
  92  5:51  Zergling x8  
  92  5:52  Zergling x2  
  96  5:59  Overlord  
  96  6:01  Zergling x6  
  96  6:02  Baneling Nest  
  98  6:04  Roach Warren, Zergling x2  
  98  6:07  Zergling x2  
  98  6:08  Zergling x2  
  100  6:12  Hydralisk Den  
  100  6:13  Drone  
  100  6:14  Extractor  
  100  6:16  Drone  
  100  6:17  Drone x4  
  105  6:19  Spore Crawler  
  105  6:22  Drone x6  
  105  6:24  Drone  
  105  6:25  Extractor  
  107  6:33  Drone x3  
  103  6:40  Zergling x4, Hatchery  
  103  6:44  Drone x2  
  103  6:47  Grooved Spines  
  103  6:48  Zergling x14  
  103  6:49  Drone, Zergling x2  
  103  6:52  Spore Crawler  
  103  6:54  Drone x2  
  113  6:57  Zergling x4  
  113  7:02  Zergling x4  
  113  7:08  Zergling x4  
  116  7:17  Zergling x8  
  116  7:18  Overlord  
  116  7:19  Overlord  
  116  7:21  Overlord  
  114  7:23  Overlord  
  114  7:25  Overlord  
  114  7:26  Overlord  
  114  7:31  Zergling x16  
  114  7:36  Zergling x2  
  114  7:37  Zergling x2  
  118  7:41  Drone  
  118  7:42  Zerg Melee Weapons Level 2  
  115  7:48  Hydralisk x2  
  115  7:49  Hydralisk x9  
  137  7:54  Extractor  
  137  7:56  Hydralisk x3  
  142  8:01  Hydralisk x3  
  142  8:02  Zergling x4  
  150  8:09  Zergling x6  
  152  8:13  Spore Crawler  
  152  8:14  Drone x10  
  152  8:18  Muscular Augments  
  161  8:23  Zergling x10  
  166  8:27  Zergling x2  
  166  8:28  Zergling x2  
  166  8:30  Centrifugal Hooks  
  168  8:36  Hydralisk  
  168  8:37  Zergling x8  
  173  8:42  Overlord  
  173  8:45  Overlord  
  172  8:48  Spore Crawler  
  172  8:49  Spore Crawler  
  172  8:50  Spore Crawler, Drone  
  172  8:54  Overlord  
  170  8:59  Overlord  
  170  9:02  Baneling x15  
  173  9:05  Overlord  
  173  9:06  Baneling x6  
  173  9:07  Overlord  
  173  9:08  Zergling x24  
  173  9:09  Overlord  
  184  9:13  Zergling x14  
  184  9:19  Spine Crawler, Zergling x6  
  185  9:24  Zergling x8  
  185  9:25  Baneling x11  
  189  9:32  Baneling x11  
  189  9:34  Zergling x2  
  189  9:35  Zergling x8  
  194  9:40  Zergling x14  
  194  9:43  Baneling  
  194  9:44  Baneling x5  
  199  9:51  Zergling x2  
  199  9:52  Zergling x6  
  198  9:57  Zergling x12  
  188  10:01  Zergling x8  
  179  10:09  Zergling x22  
  178  10:15  Hydralisk x4  
  166  10:22  Zergling x2  
  166  10:26  Zergling x8  
  156  10:35  Zergling x6  
  156  10:36  Zergling x8, Baneling x7  
  156  10:37  Baneling x5  
  156  10:38  Baneling x8  
  156  10:39  Zergling x2  
  156  10:40  Zergling x12  
  156  10:41  Baneling x6  
  156  10:42  Zergling x2  
  167  10:50  Zergling x8  
  167  10:52  Baneling x3  
  167  10:53  Zergling x2  
  172  11:01  Zergling x8  
  173  11:05  Zergling x18  
  169  11:12  Zergling x12  
  169  11:15  Zergling x2  
  169  11:16  Zergling x4  
Show
View Real Time Build Order
Export as new Build Order

Zoun Protoss 

Build Orders: 1 Gate Expand, Oracle Opening 

Get SALT Encoding   

  12  0:00  Probe  
  13  0:12  Probe  
  14  0:20  Pylon  
  14  0:24  Probe  
  15  0:38  Probe (Chrono Boost)  
  15  0:41  Gateway  
  16  0:48  Probe (Chrono Boost)  
  17  0:51  Assimilator  
  17  0:53  Probe (Chrono Boost)  
  18  1:05  Probe  
  19  1:17  Probe  
  20  1:28  Nexus  
  20  1:38  Cybernetics Core  
  20  1:42  Probe  
  21  1:47  Assimilator  
  21  1:54  Probe  
  21  1:57  Pylon  
  22  2:06  Probe  
  23  2:13  Adept (Chrono Boost)  
  23  2:19  Probe  
  23  2:22  Stargate  
  26  2:27  Warp Gate  
  26  2:31  Probe (Chrono Boost)  
  27  2:41  Probe (Chrono Boost)  
  27  2:43  Probe (Chrono Boost)  
  29  2:51  Stalker  
  30  2:52  Probe x2 (Chrono Boost)  
  32  2:58  Probe  
  32  2:59  Probe  
  32  3:03  Oracle (Chrono Boost)  
  34  3:11  Probe  
  38  3:13  Probe  
  39  3:23  Probe  
  39  3:27  Gateway  
  40  3:30  Pylon  
  40  3:33  Oracle  
  43  3:38  Probe x2  
  45  3:50  Probe  
  46  3:57  Nexus  
  46  3:58  Pylon  
  46  4:02  Probe x2  
  48  4:14  Probe  
  48  4:16  Adept  
  51  4:18  Shield Battery  
  51  4:23  Assimilator x2  
  51  4:26  Twilight Council  
  51  4:27  Forge  
  51  4:29  Probe (Chrono Boost)  
  53  4:32  Probe (Chrono Boost)  
  54  4:38  Probe (Chrono Boost)  
  54  4:42  Pylon, Probe (Chrono Boost)  
  54  4:43  Probe (Chrono Boost)  
  56  4:46  Blink (Chrono Boost)  
  56  4:51  Probe  
  53  4:55  Probe  
  53  4:57  Protoss Ground Weapons Level 1 (Chrono Boost)  
  53  4:58  Stalker x2  
  58  5:04  Probe (Chrono Boost)  
  59  5:09  Probe (Chrono Boost)  
  59  5:13  Probe (Chrono Boost)  
  61  5:19  Pylon  
  61  5:21  Probe x2 (Chrono Boost)  
  63  5:22  Gateway x2  
  63  5:24  Sentry  
  63  5:25  Probe (Chrono Boost)  
  63  5:27  Adept, Probe (Chrono Boost)  
  68  5:29  Probe  
  68  5:33  Probe  
  71  5:39  Probe  
  71  5:41  Probe  
  73  5:44  Gateway  
  73  5:45  Probe  
  73  5:46  Gateway  
  74  5:56  Probe x2  
  76  5:59  Nexus  
  76  6:01  Pylon  
  76  6:07  Probe, Gateway  
  76  6:09  Probe, Gateway  
  76  6:10  Probe  
  79  6:13  Stalker  
  81  6:20  Stalker, Shield Battery  
  81  6:25  Stalker x2  
  87  6:35  Gateway  
  87  6:37  Stalker  
  87  6:38  Probe  
  86  6:40  Stalker  
  86  6:41  Probe  
  86  6:45  Photon Cannon, Protoss Ground Weapons Level 2 (Chrono Boost)  
  87  6:47  Photon Cannon  
  87  6:48  Probe  
  87  6:50  Probe  
  87  6:51  Stalker x3  
  95  6:56  Charge (Chrono Boost)  
  95  7:01  Probe  
  95  7:02  Probe  
  95  7:03  Probe  
  98  7:10  Stalker x4  
  106  7:22  Stalker, Probe x2  
  108  7:23  Stalker x2  
  108  7:27  Pylon, Probe x2  
  108  7:29  Pylon  
  112  7:47  Photon Cannon  
  112  7:48  Stalker, Shield Battery  
  112  7:49  Stalker x7  
  128  7:52  Assimilator  
  128  7:55  Assimilator  
  128  8:02  Gateway x2  
  128  8:10  Templar Archives  
  128  8:16  Probe  
  128  8:17  Probe x3  
  132  8:26  Robotics Facility  
  132  8:28  Pylon, Forge  
  132  8:32  Pylon x2  
  132  8:34  Pylon  
  132  8:46  Probe  
  133  8:51  High Templar x2  
  133  8:52  High Templar x2  
  133  8:53  Zealot x4  
  149  8:56  Pylon, Archon x2  
  149  8:57  Zealot x2  
  149  8:58  Pylon  
  153  9:03  Photon Cannon  
  153  9:06  Protoss Ground Armor Level 1  
  153  9:16  Zealot x4  
  161  9:20  Gateway  
  161  9:24  Zealot x5  
  161  9:25  Warp Prism (Chrono Boost)  
  161  9:27  Robotics Bay  
  161  9:29  Robotics Facility  
  173  9:40  High Templar x2  
  173  9:42  Zealot  
  173  9:44  Archon  
  179  9:54  Zealot  
  177  10:04  Pylon x2  
  177  10:05  Pylon  
  177  10:06  Nexus  
  175  10:09  Pylon  
  157  10:20  Disruptor x2 (Chrono Boost), Zealot  
  138  10:21  Zealot  
  138  10:22  Zealot x9  
  138  10:24  Probe x3  
  133  10:40  Assimilator  
  131  10:43  Probe x3  
  131  10:44  Zealot  
  131  10:45  Stalker x5  
  131  10:47  Zealot x3  
  131  10:49  Stalker x2  
  153  10:57  Disruptor (Chrono Boost)  
  153  10:58  Disruptor (Chrono Boost)  
  159  11:06  Zealot  
  159  11:11  Zealot x8  
  144  11:18  Stalker x2  
Tags
 
Add a new tag
Caveats
  • Supply blocks, unpowered buildings, or Contaminate may cause inaccurate times.
  • Supply counts are checked every 10 seconds.